[ PARTIDA AOE2 · #471599824 ]
UnrankedFrancos vs Burmese
[ ANÁLISIS DE REPETICIÓN · EXTRAÍDO DE LA PARTIDA GRABADA ]
Feudal
10:50
Castillos
22:35
Imperial
34:55
| APM promedio | 25.6 |
| APM pico | 71 |
| eAPM promedio | 12.0 |
| Aldeanos / militares | 89 / 95 |
Foco
⚔️ 30.3% · 🌾 69.7%
Knight ×86 · Trebuchet (Packed) ×5 · Monk ×3 · Spearman ×1
Feudal
11:33
Castillos
20:00
Imperial
—
| APM promedio | 14.3 |
| APM pico | 29 |
| eAPM promedio | 8.5 |
| Aldeanos / militares | 52 / 26 |
Foco
⚔️ 30.3% · 🌾 69.7%
Arambai ×7 · Militia ×6 · Spearman ×6 · Knight ×5 · Mangonel ×1 · Battle Elephant ×1
Feudal
11:53
Castillos
17:43
Imperial
42:26
| APM promedio | 30.7 |
| APM pico | 57 |
| eAPM promedio | 18.6 |
| Aldeanos / militares | 107 / 60 |
Foco
⚔️ 21.4% · 🌾 78.6%
Archer ×49 · Spearman ×6 · Trebuchet (Packed) ×5
Feudal
12:42
Castillos
19:22
Imperial
34:09
| APM promedio | 37.4 |
| APM pico | 72 |
| eAPM promedio | 22.9 |
| Aldeanos / militares | 152 / 267 |
Foco
⚔️ 20.2% · 🌾 79.8%
Spearman ×202 · Ballista Elephant ×59 · Trebuchet (Packed) ×4 · Monk ×2
Mapa de la partida
Recursos iniciales + cada clic de construcción. Líneas = muros · curvas = relieve. ◆ oro · ⬟ piedra · ● bayas · ✦ reliquia · ◌ hueco del cierre
Tu base· ✓ Cerrada en 22:35 · 11t muro · sin puerta
Base de mikesandwash· Abierta — el rival se encerró
Base de Bob Ross· Abierta — flanco sin cerrar
Base de Giờ sao đại ka· Abierta — el rival se encerró
Terreno inicial suavizado · ◌ = hueco del cierre detectado · pasá el cursor para detalles
Inputs por minuto
— gaza - - mikesandwash
Build order — gaza
Primeras 150 de 289 acciones detectadas
| 0:01 | Crear | Villager (Male) |
| 0:02 | Construir | House |
| 0:04 | Construir | House |
| 0:25 | Crear | Villager (Male) |
| 0:39 | Crear | Villager (Male) |
| 0:56 | Crear | Villager (Male) |
| 1:42 | Crear | Villager (Male) |
| 1:49 | Construir | Lumber Camp |
| 2:10 | Crear | Villager (Male) |
| 2:26 | Crear | Villager (Male) |
| 2:47 | Crear | Villager (Male) |
| 3:08 | Crear | Villager (Male) |
| 3:32 | Construir | House |
| 3:37 | Crear | Villager (Male) |
| 3:50 | Crear | Villager (Male) |
| 4:43 | Crear | Villager (Male) |
| 4:45 | Crear | Villager (Male) |
| 5:13 | Crear | Villager (Male) |
| 5:47 | Crear | Villager (Male) |
| 6:03 | Construir | Mill |
| 6:19 | Crear | Villager (Male) |
| 6:29 | Construir | House |
| 7:12 | Crear | Villager (Male) |
| 7:38 | Crear | Villager (Male) |
| 7:47 | Construir | Mining Camp |
| 8:01 | Crear | Villager (Male) |
| 8:40 | Investigar | Feudal Age |
| 8:54 | Construir | Farm |
| 9:06 | Construir | Barracks |
| 9:23 | Construir | Farm |
| 9:57 | Construir | House |
| 10:17 | Crear | Villager (Male) |
| 10:29 | Construir | Farm |
| 10:34 | Construir | Farm |
| 10:50 | Edad | Edad Feudal |
| 11:04 | Construir | Farm |
| 11:14 | Construir | Farm |
| 11:28 | Construir | Palisade Wall |
| 11:34 | Crear | Villager (Male) |
| 11:44 | Investigar | Double-Bit Axe |
| 11:56 | Crear | Villager (Male) |
| 12:17 | Crear | Villager (Male) |
| 12:26 | Investigar | Wheelbarrow |
| 12:36 | Crear | Spearman |
| 12:49 | Crear | Villager (Male) |
| 12:52 | Construir | Farm |
| 13:44 | Crear | Villager (Male) |
| 14:15 | Construir | Palisade Wall |
| 14:18 | Crear | Villager (Male) |
| 14:27 | Construir | House |
| 14:40 | Construir | Market |
| 15:25 | Construir | Palisade Wall |
| 15:32 | Crear | Villager (Male) |
| 15:32 | Crear | Villager (Male) |
| 15:49 | Construir | House |
| 15:54 | Construir | Blacksmith |
| 15:55 | Crear | Villager (Male) |
| 16:02 | Construir | Farm |
| 16:02 | Construir | Farm |
| 16:09 | Construir | Farm |
| 16:14 | Construir | Farm |
| 16:17 | Construir | Farm |
| 16:44 | Crear | Villager (Male) |
| 16:47 | Construir | Farm |
| 16:53 | Construir | Farm |
| 17:15 | Construir | Stable |
| 17:16 | Construir | Stable |
| 17:22 | Construir | Farm |
| 17:24 | Crear | Villager (Male) |
| 17:26 | Crear | Villager (Male) |
| 18:03 | Crear | Villager (Male) |
| 18:10 | Investigar | Scale Barding Armor |
| 18:26 | Crear | Villager (Male) |
| 18:33 | Construir | Palisade Wall |
| 18:48 | Construir | Farm |
| 18:50 | Construir | Farm |
| 18:52 | Crear | Villager (Male) |
| 18:58 | Construir | Farm |
| 19:15 | Construir | Farm |
| 19:19 | Construir | Farm |
| 19:21 | Crear | Villager (Male) |
| 19:38 | Construir | House |
| 19:43 | Investigar | Castle Age |
| 19:43 | Investigar | Castle Age |
| 19:44 | Investigar | Castle Age |
| 20:06 | Construir | Farm |
| 20:10 | Construir | Farm |
| 20:17 | Investigar | Gold Mining |
| 21:11 | Construir | Mining Camp |
| 21:22 | Investigar | Stone Mining |
| 22:08 | Construir | Stable |
| 22:11 | Construir | Stable |
| 22:20 | Investigar | Forging |
| 22:27 | Construir | House |
| 22:30 | Construir | House |
| 22:35 | Edad | Edad de los Castillos |
| 22:40 | Investigar | Husbandry |
| 22:40 | Crear | Knight |
| 22:41 | Crear | Knight |
| 22:41 | Crear | Knight |
| 22:41 | Crear | Knight |
| 22:41 | Crear | Knight |
| 22:50 | Crear | Knight |
| 23:04 | Construir | Town Center |
| 23:15 | Investigar | Chain Barding Armor |
| 23:23 | Crear | Villager (Male) |
| 23:24 | Crear | Villager (Male) |
| 23:24 | Crear | Villager (Male) |
| 23:27 | Investigar | Hand Cart |
| 23:53 | Crear | Knight |
| 23:59 | Crear | Villager (Male) |
| 23:59 | Crear | Villager (Male) |
| 23:59 | Crear | Villager (Male) |
| 24:05 | Crear | Villager (Male) |
| 24:07 | Crear | Villager (Male) |
| 24:17 | Construir | House |
| 24:18 | Construir | House |
| 24:19 | Construir | House |
| 24:30 | Crear | Knight |
| 24:30 | Crear | Knight |
| 25:07 | Crear | Knight |
| 25:07 | Crear | Knight |
| 25:18 | Crear | Villager (Male) |
| 25:18 | Crear | Villager (Male) |
| 25:21 | Crear | Villager (Male) |
| 25:21 | Crear | Villager (Male) |
| 25:29 | Crear | Villager (Male) |
| 25:43 | Construir | House |
| 25:43 | Construir | House |
| 25:44 | Construir | House |
| 26:19 | Crear | Knight |
| 26:19 | Crear | Knight |
| 26:20 | Crear | Knight |
| 26:43 | Crear | Knight |
| 26:43 | Crear | Knight |
| 26:55 | Crear | Knight |
| 26:55 | Crear | Knight |
| 26:59 | Crear | Villager (Male) |
| 26:59 | Crear | Villager (Male) |
| 26:59 | Crear | Villager (Male) |
| 27:00 | Crear | Villager (Male) |
| 27:01 | Crear | Villager (Male) |
| 27:29 | Construir | Mining Camp |
| 27:51 | Crear | Knight |
| 27:52 | Crear | Knight |
| 27:52 | Crear | Knight |
| 27:52 | Crear | Knight |
| 28:20 | Construir | Town Center |
| 28:43 | Construir | Castle |
| 29:14 | Crear | Knight |
Build order — mikesandwash
132 acciones detectadas en el replay
| 0:05 | Construir | House |
| 0:07 | Construir | House |
| 0:08 | Crear | Villager (Male) |
| 0:08 | Crear | Villager (Male) |
| 0:08 | Crear | Villager (Male) |
| 0:09 | Crear | Villager (Male) |
| 1:16 | Investigar | Loom |
| 1:18 | Crear | Villager (Male) |
| 1:39 | Crear | Villager (Male) |
| 2:32 | Construir | Palisade Wall |
| 2:56 | Construir | Palisade Gate |
| 3:02 | Crear | Villager (Male) |
| 3:02 | Crear | Villager (Male) |
| 3:15 | Construir | Lumber Camp |
| 3:39 | Crear | Villager (Male) |
| 4:07 | Crear | Villager (Male) |
| 4:22 | Construir | House |
| 4:25 | Crear | Villager (Male) |
| 4:45 | Crear | Villager (Male) |
| 5:30 | Crear | Villager (Male) |
| 5:36 | Crear | Villager (Male) |
| 5:48 | Construir | House |
| 6:12 | Construir | House |
| 6:21 | Crear | Villager (Male) |
| 6:43 | Crear | Villager (Male) |
| 7:00 | Crear | Villager (Male) |
| 7:23 | Construir | Mill |
| 7:26 | Crear | Villager (Male) |
| 7:42 | Crear | Villager (Male) |
| 8:06 | Crear | Villager (Male) |
| 8:43 | Crear | Villager (Male) |
| 9:23 | Investigar | Feudal Age |
| 9:44 | Construir | Barracks |
| 11:04 | Construir | Mining Camp |
| 11:32 | Crear | Militia |
| 11:33 | Edad | Edad Feudal |
| 11:33 | Crear | Militia |
| 11:44 | Construir | Watch Tower |
| 11:51 | Crear | Villager (Male) |
| 11:51 | Crear | Villager (Male) |
| 11:52 | Crear | Villager (Male) |
| 11:52 | Crear | Villager (Male) |
| 12:41 | Construir | Market |
| 12:49 | Investigar | Man-at-Arms (upgrade) |
| 13:24 | Crear | Villager (Male) |
| 13:35 | Construir | House |
| 13:42 | Crear | Militia |
| 13:56 | Construir | Mining Camp |
| 14:32 | Construir | Blacksmith |
| 14:48 | Crear | Militia |
| 15:14 | Construir | Watch Tower |
| 15:25 | Construir | Lumber Camp |
| 16:23 | Construir | Farm |
| 16:31 | Construir | Farm |
| 16:51 | Construir | Watch Tower |
| 17:09 | Construir | Farm |
| 17:20 | Investigar | Castle Age |
| 17:36 | Crear | Militia |
| 17:43 | Construir | Farm |
| 18:40 | Construir | Stable |
| 18:57 | Crear | Militia |
| 19:54 | Construir | House |
| 20:00 | Edad | Edad de los Castillos |
| 20:07 | Crear | Knight |
| 20:07 | Crear | Knight |
| 20:21 | Construir | House |
| 20:53 | Crear | Knight |
| 21:34 | Construir | Farm |
| 22:12 | Crear | Battle Elephant |
| 23:24 | Construir | Castle |
| 24:03 | Crear | Villager (Male) |
| 24:03 | Crear | Villager (Male) |
| 24:12 | Construir | Town Center |
| 24:48 | Crear | Arambai |
| 24:48 | Crear | Arambai |
| 25:09 | Investigar | Fletching |
| 25:16 | Crear | Villager (Male) |
| 25:16 | Crear | Villager (Male) |
| 25:24 | Construir | Farm |
| 25:33 | Construir | Farm |
| 25:38 | Construir | Farm |
| 26:27 | Crear | Spearman |
| 26:27 | Crear | Spearman |
| 26:31 | Crear | Knight |
| 26:57 | Construir | Farm |
| 28:20 | Construir | Farm |
| 28:35 | Crear | Knight |
| 30:06 | Crear | Villager (Male) |
| 30:06 | Crear | Villager (Male) |
| 30:07 | Crear | Villager (Male) |
| 30:07 | Crear | Villager (Male) |
| 30:35 | Construir | Town Center |
| 30:55 | Construir | Town Center |
| 31:12 | Crear | Arambai |
| 31:49 | Investigar | Wheelbarrow |
| 31:51 | Crear | Villager (Male) |
| 31:54 | Construir | Farm |
| 32:07 | Crear | Villager (Male) |
| 32:40 | Construir | Siege Workshop |
| 32:54 | Crear | Villager (Male) |
| 32:54 | Crear | Villager (Male) |
| 32:54 | Crear | Villager (Male) |
| 33:19 | Crear | Villager (Male) |
| 33:49 | Construir | Dock |
| 33:55 | Crear | Villager (Male) |
| 33:55 | Crear | Villager (Male) |
| 33:55 | Crear | Villager (Male) |
| 34:11 | Crear | Arambai |
| 34:47 | Crear | Arambai |
| 34:47 | Crear | Arambai |
| 34:48 | Crear | Arambai |
| 35:09 | Construir | Castle |
| 35:24 | Investigar | Town Watch |
| 35:25 | Crear | Villager (Male) |
| 35:25 | Crear | Villager (Male) |
| 35:26 | Crear | Villager (Male) |
| 35:26 | Crear | Villager (Male) |
| 35:26 | Crear | Villager (Male) |
| 35:30 | Construir | Farm |
| 35:38 | Crear | Mangonel |
| 38:11 | Construir | Barracks |
| 38:44 | Investigar | Pikeman (upgrade) |
| 38:44 | Crear | Spearman |
| 38:45 | Crear | Spearman |
| 38:45 | Crear | Spearman |
| 38:46 | Crear | Spearman |
| 42:11 | Construir | Town Center |
| 42:22 | Construir | Town Center |
| 43:09 | Crear | Villager (Male) |
| 43:09 | Crear | Villager (Male) |
| 43:10 | Crear | Villager (Male) |
| 43:10 | Crear | Villager (Male) |
Build order — Bob Ross
Primeras 150 de 315 acciones detectadas
| 0:01 | Crear | Villager (Male) |
| 0:01 | Crear | Villager (Male) |
| 0:02 | Construir | House |
| 0:04 | Construir | House |
| 0:23 | Crear | Villager (Male) |
| 0:23 | Crear | Villager (Male) |
| 0:23 | Crear | Villager (Male) |
| 1:26 | Crear | Villager (Male) |
| 1:26 | Crear | Villager (Male) |
| 2:01 | Crear | Villager (Male) |
| 2:08 | Construir | Lumber Camp |
| 2:45 | Crear | Villager (Male) |
| 3:00 | Crear | Villager (Male) |
| 3:09 | Crear | Villager (Male) |
| 3:42 | Construir | House |
| 3:47 | Crear | Villager (Male) |
| 4:21 | Crear | Villager (Male) |
| 4:21 | Crear | Villager (Male) |
| 4:32 | Crear | Villager (Male) |
| 4:54 | Construir | Mill |
| 5:17 | Crear | Villager (Male) |
| 5:41 | Crear | Villager (Male) |
| 5:42 | Crear | Villager (Male) |
| 6:23 | Crear | Villager (Male) |
| 6:46 | Construir | House |
| 7:09 | Crear | Villager (Male) |
| 7:22 | Crear | Villager (Male) |
| 7:30 | Crear | Villager (Male) |
| 7:45 | Construir | House |
| 7:49 | Crear | Villager (Male) |
| 8:20 | Construir | Mill |
| 8:24 | Crear | Villager (Male) |
| 9:12 | Construir | House |
| 9:43 | Investigar | Feudal Age |
| 9:43 | Investigar | Feudal Age |
| 10:07 | Construir | House |
| 10:24 | Construir | Mining Camp |
| 10:53 | Construir | House |
| 11:53 | Edad | Edad Feudal |
| 12:12 | Construir | Market |
| 12:17 | Construir | Mill |
| 12:24 | Construir | Blacksmith |
| 12:28 | Construir | Lumber Camp |
| 12:42 | Crear | Villager (Male) |
| 12:47 | Crear | Villager (Male) |
| 13:18 | Construir | Stone Wall |
| 13:27 | Construir | Stone Wall |
| 13:44 | Investigar | Horse Collar |
| 13:46 | Crear | Villager (Male) |
| 14:56 | Crear | Villager (Male) |
| 14:56 | Crear | Villager (Male) |
| 14:56 | Crear | Villager (Male) |
| 15:03 | Investigar | Castle Age |
| 15:03 | Investigar | Castle Age |
| 15:29 | Construir | Watch Tower |
| 15:41 | Crear | Villager (Male) |
| 15:41 | Crear | Villager (Male) |
| 16:08 | Crear | Villager (Male) |
| 17:02 | Crear | Villager (Male) |
| 17:09 | Crear | Villager (Male) |
| 17:15 | Construir | Mining Camp |
| 17:43 | Edad | Edad de los Castillos |
| 17:44 | Construir | Watch Tower |
| 19:06 | Investigar | Loom |
| 19:06 | Investigar | Loom |
| 19:19 | Construir | Watch Tower |
| 19:43 | Construir | Town Center |
| 20:27 | Construir | Market |
| 20:57 | Construir | House |
| 21:00 | Construir | House |
| 21:08 | Construir | House |
| 21:15 | Construir | House |
| 21:19 | Construir | House |
| 21:33 | Construir | Farm |
| 21:34 | Construir | Farm |
| 21:35 | Construir | Farm |
| 21:36 | Construir | Farm |
| 21:38 | Construir | Farm |
| 21:39 | Construir | Farm |
| 21:40 | Construir | Farm |
| 22:12 | Construir | Market |
| 22:32 | Construir | House |
| 22:40 | Construir | House |
| 22:44 | Construir | Barracks |
| 22:49 | Construir | House |
| 22:59 | Construir | House |
| 23:04 | Construir | House |
| 23:09 | Construir | House |
| 23:31 | Crear | Villager (Male) |
| 23:31 | Crear | Villager (Male) |
| 23:36 | Investigar | Double-Bit Axe |
| 23:36 | Investigar | Double-Bit Axe |
| 24:19 | Crear | Spearman |
| 24:19 | Crear | Spearman |
| 24:20 | Crear | Spearman |
| 24:45 | Crear | Spearman |
| 24:52 | Crear | Villager (Male) |
| 24:53 | Crear | Villager (Male) |
| 24:55 | Construir | Farm |
| 24:56 | Construir | Farm |
| 25:06 | Construir | Farm |
| 25:10 | Construir | Farm |
| 25:13 | Construir | House |
| 25:16 | Crear | Villager (Male) |
| 25:58 | Construir | Farm |
| 26:13 | Investigar | Wheelbarrow |
| 26:13 | Investigar | Wheelbarrow |
| 26:20 | Crear | Villager (Male) |
| 26:30 | Crear | Villager (Male) |
| 26:30 | Crear | Villager (Male) |
| 26:43 | Crear | Villager (Male) |
| 26:52 | Crear | Villager (Male) |
| 27:10 | Crear | Villager (Male) |
| 27:36 | Crear | Villager (Male) |
| 27:42 | Crear | Villager (Male) |
| 27:48 | Crear | Villager (Male) |
| 27:55 | Construir | Farm |
| 28:00 | Construir | Farm |
| 28:22 | Crear | Villager (Male) |
| 28:26 | Crear | Villager (Male) |
| 28:35 | Crear | Villager (Male) |
| 28:37 | Crear | Villager (Male) |
| 28:47 | Crear | Villager (Male) |
| 28:55 | Investigar | Heavy Plow |
| 28:55 | Investigar | Heavy Plow |
| 28:57 | Crear | Villager (Male) |
| 29:11 | Crear | Villager (Male) |
| 29:18 | Construir | Farm |
| 29:42 | Investigar | Bow Saw |
| 29:45 | Crear | Villager (Male) |
| 30:12 | Construir | Town Center |
| 30:24 | Crear | Villager (Male) |
| 30:25 | Crear | Villager (Male) |
| 30:27 | Crear | Villager (Male) |
| 30:35 | Construir | Farm |
| 30:38 | Construir | Farm |
| 30:57 | Crear | Villager (Male) |
| 31:22 | Construir | Barracks |
| 32:00 | Construir | Castle |
| 32:02 | Crear | Spearman |
| 32:02 | Crear | Spearman |
| 32:07 | Crear | Villager (Male) |
| 32:08 | Crear | Villager (Male) |
| 32:08 | Crear | Villager (Male) |
| 32:11 | Investigar | Hand Cart |
| 32:11 | Investigar | Hand Cart |
| 32:13 | Crear | Villager (Male) |
| 32:24 | Investigar | Gold Mining |
| 32:31 | Crear | Villager (Male) |
| 32:39 | Construir | Farm |
Build order — Giờ sao đại ka
Primeras 150 de 399 acciones detectadas
| 0:07 | Crear | Villager (Male) |
| 0:08 | Investigar | Loom |
| 0:09 | Crear | Villager (Male) ×3 |
| 0:10 | Crear | Villager (Male) ×3 |
| 1:02 | Construir | House |
| 1:40 | Construir | House |
| 2:14 | Construir | Palisade Gate |
| 2:56 | Crear | Villager (Male) |
| 2:56 | Crear | Villager (Male) |
| 3:16 | Construir | House |
| 4:22 | Crear | Villager (Male) |
| 4:22 | Crear | Villager (Male) |
| 5:25 | Crear | Villager (Male) |
| 5:26 | Crear | Villager (Male) |
| 5:26 | Crear | Villager (Male) |
| 5:30 | Construir | Lumber Camp |
| 6:22 | Crear | Villager (Male) |
| 6:22 | Crear | Villager (Male) |
| 6:22 | Crear | Villager (Male) |
| 6:22 | Crear | Villager (Male) |
| 6:56 | Crear | Villager (Male) |
| 6:57 | Crear | Villager (Male) |
| 7:25 | Crear | Villager (Male) |
| 7:34 | Crear | Villager (Male) |
| 8:48 | Crear | Villager (Male) |
| 8:48 | Crear | Villager (Male) |
| 8:48 | Crear | Villager (Male) |
| 8:49 | Crear | Villager (Male) |
| 8:52 | Construir | Mill |
| 9:54 | Crear | Villager (Male) |
| 10:32 | Investigar | Feudal Age |
| 12:42 | Edad | Edad Feudal |
| 12:43 | Construir | House |
| 12:45 | Construir | House |
| 13:02 | Crear | Villager (Male) |
| 13:02 | Crear | Villager (Male) |
| 13:03 | Crear | Villager (Male) |
| 13:03 | Crear | Villager (Male) |
| 13:04 | Crear | Villager (Male) |
| 13:06 | Crear | Villager (Male) |
| 13:31 | Construir | Mining Camp |
| 14:38 | Construir | House |
| 14:41 | Construir | House |
| 15:07 | Construir | Gate |
| 15:09 | Construir | Stone Wall |
| 15:40 | Construir | Lumber Camp |
| 15:52 | Crear | Villager (Male) |
| 15:52 | Crear | Villager (Male) |
| 16:24 | Construir | House |
| 16:35 | Investigar | Castle Age |
| 17:07 | Construir | Mining Camp |
| 17:44 | Investigar | Gold Mining |
| 17:46 | Investigar | Double-Bit Axe |
| 17:47 | Investigar | Horse Collar |
| 18:16 | Investigar | Stone Mining |
| 19:06 | Construir | Farm |
| 19:13 | Construir | Farm |
| 19:14 | Construir | Farm |
| 19:16 | Construir | Farm |
| 19:19 | Construir | Farm |
| 19:22 | Edad | Edad de los Castillos |
| 19:25 | Crear | Villager (Male) |
| 19:25 | Crear | Villager (Male) |
| 19:26 | Crear | Villager (Male) |
| 19:26 | Crear | Villager (Male) |
| 20:05 | Construir | Town Center |
| 20:19 | Crear | Villager (Male) |
| 20:19 | Crear | Villager (Male) |
| 20:20 | Crear | Villager (Male) |
| 20:43 | Construir | Farm |
| 20:44 | Construir | Farm |
| 20:45 | Construir | Farm |
| 21:04 | Crear | Villager (Male) |
| 21:13 | Crear | Villager (Male) |
| 21:22 | Crear | Villager (Male) |
| 21:22 | Crear | Villager (Male) |
| 21:34 | Construir | Farm |
| 21:54 | Crear | Villager (Male) |
| 21:59 | Construir | Farm |
| 22:16 | Crear | Villager (Male) |
| 22:26 | Construir | Farm |
| 22:29 | Construir | Town Center |
| 22:37 | Crear | Villager (Male) |
| 22:37 | Crear | Villager (Male) |
| 22:48 | Construir | Farm |
| 22:51 | Crear | Villager (Male) |
| 22:57 | Construir | House |
| 22:58 | Construir | House |
| 22:59 | Construir | House |
| 23:00 | Construir | House |
| 23:00 | Construir | House |
| 23:01 | Construir | House |
| 23:37 | Crear | Villager (Male) |
| 23:37 | Crear | Villager (Male) |
| 23:37 | Crear | Villager (Male) |
| 23:38 | Crear | Villager (Male) |
| 23:47 | Construir | Farm |
| 24:09 | Construir | Farm |
| 24:10 | Construir | Farm |
| 24:14 | Crear | Villager (Male) |
| 24:14 | Crear | Villager (Male) |
| 24:15 | Crear | Villager (Male) |
| 24:23 | Crear | Villager (Male) |
| 24:24 | Crear | Villager (Male) |
| 24:24 | Crear | Villager (Male) |
| 24:27 | Crear | Villager (Male) |
| 24:42 | Construir | Town Center |
| 24:45 | Crear | Villager (Male) |
| 24:48 | Crear | Villager (Male) |
| 24:58 | Construir | Farm |
| 24:59 | Construir | Farm |
| 24:59 | Construir | Farm |
| 25:00 | Construir | Farm |
| 25:00 | Construir | Farm |
| 25:01 | Construir | Farm |
| 25:01 | Construir | Farm |
| 25:02 | Construir | Farm |
| 25:24 | Crear | Villager (Male) |
| 25:32 | Crear | Villager (Male) |
| 25:32 | Crear | Villager (Male) |
| 25:35 | Construir | Farm |
| 26:14 | Crear | Villager (Male) |
| 26:15 | Crear | Villager (Male) |
| 26:15 | Crear | Villager (Male) |
| 26:17 | Crear | Villager (Male) |
| 26:17 | Crear | Villager (Male) |
| 26:18 | Crear | Villager (Male) |
| 26:31 | Construir | Town Center |
| 26:35 | Crear | Villager (Male) |
| 26:35 | Crear | Villager (Male) |
| 26:37 | Crear | Villager (Male) |
| 26:37 | Crear | Villager (Male) |
| 26:42 | Construir | Farm |
| 26:45 | Crear | Villager (Male) |
| 26:45 | Crear | Villager (Male) |
| 26:48 | Crear | Villager (Male) |
| 26:52 | Construir | Farm |
| 27:09 | Construir | Farm |
| 27:10 | Construir | Farm |
| 27:19 | Crear | Villager (Male) |
| 27:20 | Crear | Villager (Male) |
| 27:36 | Construir | Farm |
| 27:37 | Construir | Farm |
| 27:45 | Crear | Villager (Male) |
| 27:46 | Crear | Villager (Male) |
| 28:08 | Crear | Villager (Male) |
| 28:08 | Crear | Villager (Male) |
| 28:15 | Construir | Farm |
| 28:16 | Construir | Farm |
| 28:25 | Investigar | Heavy Plow |
Cronología de la partida
| 2:32 | mikesandwash · wall_segment Palisade Wall x6 |
| 9:06 | gaza · first_building Barracks |
| 9:44 | mikesandwash · first_building Barracks |
| 10:50 | gaza · age_up feudal |
| 11:28 | gaza · wall_segment Palisade Wall x8 |
| 11:33 | mikesandwash · age_up feudal |
| 11:53 | Bob Ross · age_up feudal |
| 12:42 | Giờ sao đại ka · age_up feudal |
| 13:18 | Bob Ross · wall_segment Stone Wall x14 |
| 13:27 | Bob Ross · wall_segment Stone Wall x9 |
| 14:15 | gaza · wall_segment Palisade Wall x1 |
| 15:09 | Giờ sao đại ka · wall_segment Stone Wall x1 |
| 15:20 | Bob Ross · first_market_sell 100 wood |
| 15:22 | Bob Ross · first_market_buy 100 stone |
| 15:25 | gaza · wall_segment Palisade Wall x1 |
| 16:35 | mikesandwash · first_market_buy 100 food |
| 17:15 | gaza · first_building Stable |
| 17:18 | mikesandwash · first_market_sell 100 stone |
| 17:43 | Bob Ross · age_up castle |
| 18:33 | gaza · wall_segment Palisade Wall x1 |
| 18:40 | mikesandwash · first_building Stable |
| 19:22 | Giờ sao đại ka · age_up castle |
| 20:00 | mikesandwash · age_up castle |
| 22:35 | gaza · age_up castle |
| 22:44 | Bob Ross · first_building Barracks |
| 23:24 | mikesandwash · first_building Castle |
| 28:43 | gaza · first_building Castle |
| 28:46 | Giờ sao đại ka · first_building Barracks |
| 29:21 | Giờ sao đại ka · first_building Castle |
| 30:30 | gaza · first_building Monastery |
| 31:36 | Giờ sao đại ka · first_building Monastery |
| 32:00 | Bob Ross · first_building Castle |
| 32:37 | gaza · first_market_sell 100 wood |
| 32:40 | mikesandwash · first_building Siege Workshop |
| 33:26 | Bob Ross · first_building Archery Range |
| 33:49 | mikesandwash · first_building Dock |
| 34:09 | Giờ sao đại ka · age_up imperial |
| 34:55 | gaza · age_up imperial |
| 38:51 | Giờ sao đại ka · first_market_sell 500 wood |
| 39:00 | gaza · first_market_buy 100 food |
| 42:26 | Bob Ross · age_up imperial |
| 43:50 | Bob Ross · first_building Stable |
| 44:08 | mikesandwash · resign |
[ ANÁLISIS IA · 1 CRÉDITO ]
¿Qué pasó realmente en esta partida?
Wolo.gg analiza cada decisión: build order, eco, micro, errores típicos por bracket. Análisis personalizado por WhatsApp o Discord en 30 segundos.
Guía civ
Francos
Perfil
Jugador #1725867